 Dungeon Crawl Stone Soup version 0.31.0-12-g77e489cdc1 (webtiles) character file.

Game seed: 13032626399981729224

53 Peloso the Shield-Bearer (level 3, -3/33 HPs)
             Began as a Minotaur Fighter on Feb 25, 2024.
             Slain by a cerulean imp
             ... wielding a +2 spear
             ... summoned by Natasha
              (5 damage)
             ... on level 2 of the Dungeon.
             The game lasted 00:01:08 (697 turns).

Peloso the Shield-Bearer (Minotaur Fighter)          Turns: 697, Time: 00:01:09

Health: -3/33      AC:  7    Str: 20    XL:     3   Next: 64%
Magic:  2/2        EV:  9    Int:  5    God:
Gold:   63         SH:  5    Dex: 11    Spells: 2/2 levels left

rFire   . . .        a - +1 long sword
rCold   . . .        c - +0 buckler
rNeg    . . .        b - +0 scale mail
rPois   .            (helmet restricted)
rElec   .            (no cloak)
rCorr   .            (no gloves)
SInv    .            (no boots)
Will    .....        (no amulet) Stlth
                     (no ring)
HPRegen 0.25/turn    (no ring)
MPRegen 0.08/turn

%: no passive effects
@: slowed, very slow
A: horns 2, retaliatory headbutt
a: no special abilities


You were on level 2 of the Dungeon.
You visited 1 branch of the dungeon, and saw 2 of its levels.

You collected 63 gold pieces.

Inventory:

Hand Weapons
 a - a +1 long sword (weapon)
Armour
 b - a +0 scale mail (worn)
 c - a +0 buckler (worn)
Jewellery
 e - a ring of see invisible
Potions
 d - a potion of might


   Skills:
 + Level 4.1 Fighting
 + Level 3.1 Long Blades
 + Level 4.1 Armour
 + Level 0.1 Dodging
 + Level 4.4 Shields


You had 2 spell levels left.
You didn't know any spells.
Your spell library contained the following spells:

 Spells                   Type           Power      Damage    Failure   Level
 Hailstorm                Conj/Ice       0%         3d5       99%         3
 Summon Ice Beast         Ice/Summ       0%         N/A       99%         3
 Sculpt Simulacrum        Ice/Alch       0%         N/A       100%        6


Dungeon Overview and Level Annotations

Branches:
Dungeon (2/15)

Altars:

Annotations:
D:2 Natasha


Innate Abilities, Weirdness & Mutations

You have a pair of horns on your head.
You reflexively headbutt those who attack you in melee.


Message History

Your experience leads to an increase in your attributes!
Increase (S)trength, (I)ntelligence, or (D)exterity?
You feel agile. x2
Natasha mumbles some strange words.
The cerulean imp hits you but does no damage.
Terence closely misses you. You furiously retaliate!
You headbutt Terence! The cerulean imp barely misses you.
You barely miss Terence. Your headbutt misses Terence.
Terence is severely wounded.
Terence hits you with a +0 mace of holy wrath.
The cerulean imp hits you but does no damage.
Terence misses you. You block the cerulean imp's attack.
You barely miss Terence. Your headbutt misses Terence.
Terence is severely wounded.
Terence closely misses you. The cerulean imp barely misses you.
Terence hits you with a +0 mace of holy wrath.
You slash Terence!
You kill Terence!
The cerulean imp hits you but does no damage.
Natasha mumbles some strange words.
You block the cerulean imp's attack.
Your Long Blades skill increases to level 3!
The cerulean imp hits you with a +1 spear.
The cerulean imp hits you from afar with a +2 spear.
The cerulean imp hits you with a +1 spear.
Things that are here:
a +0 mace of holy wrath; a +3 chain mail of poison resistance; a ball python corpse You hit the cerulean imp.
The cerulean imp is moderately wounded.
The cerulean imp disappears in a puff of smoke!
The cerulean imp hits you but does no damage.
The cerulean imp hits you from afar with a +2 spear.
Natasha claws you!
The cerulean imp hits you from afar with a +2 spear.
* * * LOW HITPOINT WARNING * * *
The cerulean imp closely misses you.
You hit Natasha but do no damage. Natasha claws you.
* * * LOW HITPOINT WARNING * * *
The cerulean imp hits you from afar with a +2 spear.
You die...

# .# .. # # .###.
....#.#####......
......h@.<.....#
#.###5###5.###[#
.. ...... #.
#.....## #
..###.# <.. .#
... # ###.


You could see Natasha and 2 cerulean imps.

Vanquished Creatures
  Terence (D:2)
  A ball python (D:2)
  3 endoplasms (D:1)
  2 giant cockroaches (D:1)
  2 hobgoblins (D:1)
  2 jackals (D:1)
  2 kobolds (D:1)
  A quokka (D:1)
  2 bats (D:1)
  A frilled lizard (D:1)
  5 goblins (D:1)
  4 rats (D:1)
26 creatures vanquished.

Notes
Turn   | Place    | Note
-------+----------+-------------------------------------------
     0 | D:1      | Peloso the Minotaur Fighter began the quest for the Orb.
     0 | D:1      | Reached XP level 1. HP: 19/19 MP: 0/0
   175 | D:1      | Reached XP level 2. HP: 27/27 MP: 1/1
   686 | D:2      | Noticed Natasha
   686 | D:2      | Noticed Terence
   689 | D:2      | Reached XP level 3. HP: 33/33 MP: 2/2
   694 | D:2      | Killed Terence
   697 | D:2      | Slain by a cerulean imp

Illustrated notes

Levels and vault maps discovered:
D:1:      spicycebolla_arrival_xxxplode, layout_basic, minivault_14, st_stairs_3
D:2:      layout_loops_ring, serial_co_window_serial, co_window_paths_a,
          co_window_of_opportunity_a, co_window_corner_a,
          co_window_of_opportunity_a, co_window_paths_a, co_window_2corner,
          co_window_corner_b, co_window_corner_b, co_window_corner_b,
          co_window_2corner, co_window_sun, glass_columns_c, glass_columns_a,
          glass_columns_a, glass_columns_b, basic_altar,
          minmay_misc_feat_columns, nrook_campfire, uniq_natasha, uniq_terence

Skill      XL: |  1  2  3 |
---------------+----------+-----
Shields        | 4 |  4.4
Fighting       | 4 |  4.1
Armour         | 4 |  4.1
Long Blades    | 3 |  3.1
Dodging        | |  0.1

Action                     || total
---------------------------++-------
  Melee: Long sword        ||    52
         Headbutt          ||     2
    Use: Scroll            ||     2
 Armour: Scale mail        ||    47
  Dodge: Dodged            ||    32
  Block: Buckler           ||    19
